 Dungeon Crawl Stone Soup version 0.27-a0-1312-g5cdb2b3542 (webtiles) character file.

Game seed: 3776475751746817912

4749 Conn the Firebug (level 10, -1/63 HPs)
             Began as an Octopode Fire Elementalist on June 19, 2021.
             Was a Follower of Sif Muna.
             Slain by a water moccasin (8 damage)
             ... on level 8 of the Dungeon.
             The game lasted 00:24:26 (7802 turns).

Conn the Firebug (Octopode Fire Elementalist)       Turns: 7802, Time: 00:24:27

Health: -1/63      AC:  1    Str:  7    XL:     10   Next: 46%
Magic:  11/20      EV: 14    Int: 20    God:    Sif Muna [*.....]
Gold:   400        SH:  0    Dex: 14    Spells: 15/23 levels left

rFire    . . .     SeeInvis .   i - +1 short sword
rCold    + . .     Faith    .   (no shield)
rNeg     + . .     Spirit   .   (helmet restricted)
rPois    .         Reflect  .   c - amulet of regeneration
rElec    .         Harm     .   o - ring of protection from cold
rCorr    .         Rampage  .   B - ring of positive energy
Will     .....                  (no ring)
Stlth    ++++......             (no ring)
HPRegen  1.20/turn              (no ring)
MPRegen  0.17/turn              (no ring)
                                (no ring)
                                (no ring)

@: no status effects
A: almost no armour, amphibious, 8 rings, camouflage 1, gelatinous body 1,
(nimble swimmer 1), tentacles
a: Renounce Religion, Channel Magic


You were on level 8 of the Dungeon.
You worshipped Sif Muna.
Sif Muna was aware of your devotion.
You visited 2 branches of the dungeon, and saw 9 of its levels.

You collected 400 gold pieces.

Inventory:

Hand Weapons
 i - a +1 short sword (weapon)
Missiles
 b - 37 poisoned darts
 d - 6 curare-tipped darts (quivered)
 m - 2 throwing nets
Jewellery
 c - an amulet of regeneration (around mantle)
 o - a ring of protection from cold (left tentacle)
 s - an amulet of guardian spirit
 B - a ring of positive energy (right tentacle)
Wands
 k - a wand of paralysis (8)
 y - a wand of mindburst (11)
Scrolls
 a - 2 scrolls of teleportation
 e - a scroll of amnesia
 f - 2 scrolls of enchant armour
 g - 2 scrolls of brand weapon {unknown}
 h - a scroll of silence {unknown}
 j - 2 scrolls of noise
 l - 2 scrolls of summoning {unknown}
 p - 2 scrolls of enchant weapon
 q - a scroll of fear {unknown}
 t - 3 scrolls of identify
 u - 2 scrolls of vulnerability {unknown}
 C - a scroll of blinking
Potions
 n - a potion of haste
 r - a potion of lignification {unknown}
 v - a potion of heal wounds {unknown}
 w - a potion of flight
 x - 2 potions of curing
 z - a potion of degeneration {unknown}
 A - a potion of mutation {unknown}


   Skills:
 + Level 3.1 Fighting
 + Level 4.4 Short Blades
 + Level 1.2 Throwing
 + Level 3.9 Dodging
 + Level 6.3 Stealth
 + Level 0.1 Unarmed Combat
 + Level 7.3 Spellcasting
 + Level 7.4 Conjurations
 + Level 7.7 Fire Magic


You had 15 spell levels left.
You knew the following spells:

 Your Spells              Type           Power      Damage    Failure   Level
a - Foxfire               Conj/Fire      100%       2x1d9     1%          1
b - Conjure Flame         Conj/Fire      37%        6-21      1%          3
c - Sticky Flame          Conj/Fire      37%        2d6       4%          4

Your spell library contained the following spells:

 Spells                   Type           Power      Damage    Failure   Level
 Inner Flame              Hex/Fire       22%        N/A       5%          3
 Animate Skeleton         Necr           14%        N/A       10%         1
 Apportation              Tloc           14%        N/A       10%         1
 Corona                   Hex            7%         N/A       10%         1
 Summon Small Mammal      Summ           28%        N/A       10%         1
 Fireball                 Conj/Fire      18%        3d9       12%         5


Dungeon Overview and Level Annotations

Branches:
Dungeon (8/15)             Temple (1/1) D:7
   Lair: D:8-11

Altars:
Cheibriados
Fedhas
Hepliaklqana
Kikubaaqudgha
Makhleb
Nemelex Xobeh
Okawaru
Sif Muna
Trog
Vehumet
Xom

Annotations:
D:8 3 runed translucent doors, Feb132020's ghost, journeyman GrEE


Innate Abilities, Weirdness & Mutations

You cannot wear most types of armour.
You are amphibious.
You can wear up to eight rings at the same time.
Your skin changes colour to match your surroundings (Stealth+).
Your rubbery body absorbs attacks. (AC +1, EV +1)
((You are camouflaged near water. (Stealth+)))
You have tentacles for arms and can constrict up to eight enemies at once.


Message History

The gargoyle burns!
The gargoyle hurls a stone arrow at you.
The stone arrow hits you!!
You hit the gargoyle but do no damage.
The gargoyle is moderately damaged.
You constrict the gargoyle, but do no damage.
The gargoyle burns!
The gargoyle hits you with a +0 flail!!
* * * LOW HITPOINT WARNING * * *
Unknown command.
Press: ? - help, v - describe, . - travel, g - get item
Here: a gargoyle, wielding a +0 flail (heavily damaged, constricted by you, covered in liquid flames)
Items here: a +0 dagger; 4 poisoned darts.
The floor, spattered with blood.
Unknown command.
Unknown command.
Okay, then.
Okay, then.
Unknown command.
Unknown command.
Unknown command.
You release your grip on the gargoyle.
The gargoyle burns!
The gargoyle stops burning.
The gargoyle hurls a stone arrow at you.
The stone arrow hits you.
* * * LOW HITPOINT WARNING * * *
Casting: Sticky Flame (dangerous; 4% risk of failure)
Confirm with . or Enter, or press ? or * to list all spells.
Okay, then.
Casting: Sticky Flame (dangerous; 4% risk of failure)
Confirm with . or Enter, or press ? or * to list all spells.
The fire begins to smoulder!
The water moccasin smothers the flame.
Things that are here:
a +0 club; a +0 ring mail; an orc corpse The water moccasin bites you!
* * * LOW HITPOINT WARNING * * *
Things that are here:
a +1 vorpal flail; 3 boomerangs; an orc corpse The water moccasin bites you!
You die...

#...####.......#...
##### #.......#.## ##
####)......#.## 9
#..#.......#... ###.
#..###.##......
#($##.)##.##..#......
#)[##.. #9###.#......
####### #.# #.##.#...
##...@####.#
#.##)####
#.####S)9.## #..#)#
#.# ##########(#.#
#.# #)['....##...#
#.####..#.88.###..#
##....###.88.#...>#
###### #....#.####
#'####.# #......#


You could see a water moccasin and a gargoyle.

Vanquished Creatures
  A two-headed ogre (D:8)
  Pikel (D:5)
  A cyclops (D:6)
  Maggie (D:6)
  Sigmund (D:2)
  A water moccasin (D:5)
  2 ice beasts
  2 black bears
  4 ogres
  A centaur (D:8)
  2 necrophages
  A lemure (D:5)
  A kobold brigand (D:8)
  4 bullfrogs
  2 gnoll sergeants
  2 scorpions
  A wyvern skeleton (D:7)
  2 water moccasin skeletons (D:5)
  3 killer bees (D:8)
  5 wights (D:8)
  2 bullfrog zombies (D:5)
  5 jellies
  An orc priest (D:6)
  2 hounds
  A bullfrog skeleton (D:5)
  2 iguanas
  A gnoll shaman (D:6)
  A scorpion zombie (D:5)
  An orc wizard (D:6)
  A hound skeleton (D:4)
  A howler monkey zombie (D:7)
  14 gnolls
  4 adders
  A howler monkey skeleton (D:6)
  2 white imps (D:8)
  An ufetubus (D:3)
  2 worms
  7 dart slugs
  18 orcs
  4 ball pythons
  2 endoplasms (D:3)
  2 giant cockroaches
  2 hobgoblins
  8 jackals
  2 kobolds
  3 quokkas
  6 bats
  4 frilled lizards
  3 goblins
  6 rats
147 creatures vanquished.

Vanquished Creatures (others)
  A wizard (D:4)
  540 foxfires
541 creatures vanquished.

Grand Total: 688 creatures vanquished

Notes
Turn   | Place    | Note
-------+----------+-------------------------------------------
     0 | D:1      | Conn the Octopode Fire Elementalist began the quest for the
                  | Orb.
     0 | D:1      | Reached XP level 1. HP: 11/11 MP: 3/3
   310 | D:1      | Reached XP level 2. HP: 17/17 MP: 3/5
  1044 | D:2      | Found a faded altar of an unknown god.
  1205 | D:2      | Reached XP level 3. HP: 21/21 MP: 4/6
  1214 | D:2      | Learned a level 3 spell: Conjure Flame
  1228 | D:2      | You fall into a shaft and drop 2 floors!
  1295 | D:4      | Noticed an ice beast
  1296 | D:4      | Reached XP level 4. HP: 27/27 MP: 0/7
  1798 | D:3      | Learned a level 4 spell: Sticky Flame
  2328 | D:3      | Reached XP level 5. HP: 31/31 MP: 0/8
  2564 | D:2      | Noticed Sigmund
  2648 | D:2      | Killed Sigmund
  2649 | D:2      | Reached skill level 1 in Short Blades
  2649 | D:2      | Reached XP level 6. HP: 37/37 MP: 2/10
  3122 | D:4      | Killed an ice beast
  3123 | D:4      | Reached skill level 5 in Fire Magic
  3453 | D:4      | Reached XP level 7. HP: 42/42 MP: 8/12
  3551 | D:4      | Found a shimmering altar of Xom.
  3900 | D:4      | Found a bloodstained altar of Trog.
  3902 | D:4      | Noticed a wizard
  3906 | D:4      | Killed a wizard
  3945 | D:5      | Entered Level 5 of the Dungeon
  3962 | D:5      | Reached skill level 5 in Stealth
  3988 | D:5      | Reached skill level 1 in Fighting
  4093 | D:5      | Reached skill level 1 in Throwing
  4093 | D:5      | Reached XP level 8. HP: 40/48 MP: 10/14
  4096 | D:5      | Found a snail-covered altar of Cheibriados.
  4099 | D:5      | Found a hazy altar of Hepliaklqana.
  5046 | D:5      | Noticed Pikel
  5413 | D:5      | Killed Pikel
  5414 | D:5      | Reached skill level 5 in Spellcasting
  5414 | D:5      | Reached skill level 5 in Conjurations
  5414 | D:5      | Reached XP level 9. HP: 39/54 MP: 3/16
  5893 | D:6      | Noticed a cyclops
  5911 | D:6      | Killed a cyclops
  6060 | D:6      | Noticed Maggie
  6079 | D:6      | HP: 2/55 [acid (6)]
  6080 | D:6      | Killed Maggie
  6442 | D:7      | Found a staircase to the Ecumenical Temple.
  6454 | Temple   | Entered the Ecumenical Temple
  6478 | Temple   | Became a worshipper of Sif Muna the Loreminder
  6591 | D:7      | Reached XP level 10. HP: 62/62 MP: 4/19
  7076 | D:8      | Found a runed translucent gate.
  7076 | D:8      | Found a runed translucent gate.
  7076 | D:8      | Found a runed translucent gate.
  7083 | D:8      | Noticed Feb132020's ghost (journeyman GrEE)
  7394 | D:8      | Noticed a two-headed ogre
  7415 | D:8      | Killed a two-headed ogre
  7757 | D:8      | Noticed a gargoyle
  7785 | D:8      | Reached * piety under Sif Muna
  7792 | D:8      | HP: 3/63 [gargoyle/stone arrow (4)]
  7802 | D:8      | Slain by a water moccasin

Illustrated notes

Levels and vault maps discovered:
D:1:      tarquinn_simple_flora_water_c, layout_rooms
D:2:      layout_basic, shapermc_ecumenical_altar_starsandcircs,
          chequers_serial_rivers_micro_a, minmay_pentomino_x4, uniq_sigmund
D:3:      layout_loops_ring
D:4:      layout_rooms, trog_wizard, xom_teletrap_fun
D:5:      layout_basic, grunt_temple_overflow_open, uniq_pikel
D:6:      layout_cave_pools, uniq_maggie
D:7:      layout_rooms, minmay_temple_entry_statues_pillars
D:8:      minmay_chambers_of_fours, layout_basic, gammafunk_ghost_ooze
Temple:   nicolae_temple_elliptical

Skill      XL: |  1  2  3  4  5  6  7  8  9 10 |
---------------+-------------------------------+-----
Fire Magic     | 4 5 6 7 |  7.7
Stealth        | 3 4 5 6 |  6.3
Short Blades   | 1 2 3 4 |  4.4
Spellcasting   | 3 4 5 6 7 |  7.3
Conjurations   | 2 3 5 6 7 |  7.4
Fighting       | 1 2 3 |  3.1
Throwing       | 1 |  1.2
Dodging        | 3 |  3.9
Unarmed Combat | |  0.1

Action                   |  1- 3 |  4- 6 |  7- 9 | 10-12 || total
-------------------------+-------+-------+-------+-------++-------
Melee: Unarmed           |     9 |     6 |       |       ||    15
       Constrict         |     2 |     7 |    18 |     5 ||    32
       Tentacles         |     2 |     5 |    13 |     8 ||    28
       Short sword       |       |    24 |    62 |    25 ||   111
Throw: Dart              |       |     4 |     2 |       ||     6
 Cast: Foxfire           |    52 |    74 |   136 |    43 ||   305
       Conjure Flame     |       |     2 |     8 |     3 ||    13
       Sticky Flame      |       |     1 |    15 |    12 ||    28
  Use: Scroll            |       |       |     9 |     1 ||    10
       Potion            |       |       |     5 |     1 ||     6
 Stab: Sleeping          |       |     6 |     3 |     2 ||    11
Armor: Skin              |     4 |     3 |    12 |       ||    19
Dodge: Dodged            |    13 |    27 |    67 |    35 ||   142

Table legend: (Time is in decaauts)
 A = Elapsed time spent in this place.
 B = Non-inter-level travel time spent in this place.
 C = Inter-level travel time spent in this place.
 D = Time resting spent in this place.
 E = Time spent auto-exploring this place.
 F = Levels seen in this place.
 G = Mean time per level.
                   A        B        C        D        E       F      G
               +--------+--------+--------+--------+--------+-----+--------+
         Total |   7798 |   7657 |    141 |    295 |   4917 |   9 |  866.4 |
       Dungeon |   7754 |   7632 |    122 |    295 |   4911 |   8 |  969.2 |
        Temple |     43 |     24 |     19 |      0 |      6 |   1 |   43.0 |
               +--------+--------+--------+--------+--------+-----+--------+

Top non-repeatable levels by time:
     D:5: 1551 daAuts
     D:2: 1203 daAuts
     D:3: 1159 daAuts
     D:4: 938 daAuts
     D:6: 819 daAuts
     D:8: 722 daAuts
     D:7: 713 daAuts
     D:1: 647 daAuts
  Temple: 43 daAuts
